 Dungeon Crawl Stone Soup version 0.30.1-9-gdf580d7c3d (webtiles) character file.

Game seed: 1463948629833410660

870 KittyFluff the Covered (level 8, 0/49 HPs)
             Began as a Gargoyle Berserker on Oct 11, 2023.
             Was a Priest of Trog.
             Slain by an iguana (8 damage)
             ... on level 4 of the Dungeon.
             The game lasted 00:12:02 (2958 turns).

KittyFluff the Covered (Gargoyle Berserker)         Turns: 2958, Time: 00:12:03

Health: 0/49       AC:  9    Str: 23    XL:     8   Next: 3%
Magic:  8/8        EV: 12    Int:  8    God:    Trog [***...]
Gold:   149        SH:  0    Dex:  9    Spells: 7/7 levels left

rFire   . . .        a - +0 mace
rCold   . . .        (no shield)
rNeg    + . .        m - +0 leather armour
rPois   ∞            (no helmet)
rElec   +            (no cloak)
rCorr   .            (no gloves)
SInv    .            (no boots)
Will    .....        (no amulet)
Stlth   +            (no ring)
HPRegen 0.28/turn    (no ring)
MPRegen 0.11/turn

%: no passive effects
@: no status effects
A: sickness immunity, AC +5, negative energy resistance 1, electricity
resistance, torment resistance 1, petrification resistance
a: Renounce Religion, Berserk, Trog's Hand


You were on level 4 of the Dungeon.
You worshipped Trog.
Trog was most pleased with you.
You visited 1 branch of the dungeon, and saw 4 of its levels.

You collected 149 gold pieces.

Inventory:

Hand Weapons
 a - a +0 mace (weapon)
 j - a +0 sling
 w - a +0 sling
Missiles
 q - 5 javelins
 t - 4 poisoned darts
 v - 5 boomerangs (quivered)
Armour
 m - a +0 leather armour (worn)
Wands
 r - a wand of paralysis (6)
Scrolls
 b - a scroll of amnesia {unknown}
 d - 2 scrolls of enchant armour {unknown}
 g - 2 scrolls of identify {unknown}
 i - a scroll of immolation {unknown}
 n - a scroll of fog {unknown}
 p - a scroll of noise {unknown}
 s - a scroll of teleportation {unknown}
 u - a scroll of fear {unknown}
Potions
 c - 2 potions of flight {unknown}
 e - a potion of might {unknown}
 f - a potion of brilliance {unknown}
 h - 2 potions of degeneration {unknown}
 k - a potion of cancellation {unknown}
 l - 2 potions of lignification {unknown}
 o - a potion of haste
 x - a potion of mutation {unknown}


   Skills:
 + Level 5.1 Fighting
 * Level 5.8 Maces & Flails
 * Level 5.9 Armour
 + Level 3.3 Dodging


You had 7 spell levels left.
You didn't know any spells.
Your spell library was empty.

Dungeon Overview and Level Annotations

Branches:
Dungeon (4/15)
 Temple: D:4-7

Altars:
Yredelemnul

Shops:
D:3 =


Innate Abilities, Weirdness & Mutations

You are immune to sickness and miasma.
Your stone body is resilient. (AC +5)
You are immune to poison.
You resist negative energy. (rN+)
You are resistant to electric shocks. (rElec)
You are resistant to unholy torment.
You are immune to petrification.


Message History

You have reached level 8!
You feel clever.
You hit the orc.
You kill the orc!
Trog accepts your kill.
You closely miss the iguana. The iguana closely misses you.
The iguana misses you.
You barely miss the iguana.
The iguana bites you but does no damage.
You barely miss the iguana.
The iguana bites you but does no damage.
You sock the iguana!
The iguana is heavily wounded.
The iguana bites you but does no damage.
You completely miss the iguana.
The iguana is heavily wounded.
The iguana bites you!
You hit the iguana but do no damage.
The iguana is heavily wounded.
The iguana bites you!
You hit the iguana but do no damage.
The iguana is heavily wounded.
The iguana bites you but does no damage.
You barely miss the iguana.
The iguana is heavily wounded.
The iguana completely misses you.
You hit the iguana.
The iguana is heavily wounded.
The iguana bites you.
You barely miss the iguana.
The iguana is heavily wounded.
The iguana barely misses you.
You hit the iguana.
The iguana is severely wounded.
The iguana bites you! x2
* * * LOW HITPOINT WARNING * * *
You completely miss the iguana.
The iguana is severely wounded.
The iguana bites you!
You die...

.#.......#.##.### ..
.#.......#.##...## ..
.#..._...^.####..####.#.#
.#.......#.# ##.#.......
.#.......#.# #....# .#
.... #.# ##.#.#
.####^####.# #..# .#
...........#####l## ..
#####.#........#@# #K
#.#........#.# #
#.#<.......#.#
#..........#.#
##.........#.#
#.........(.#
#.>.........#
##.....>.....
######.......<.#


You could see an iguana.

Vanquished Creatures
  Grinder (D:3)
  Eustachio (D:4)
  Menkaure (D:4)
  2 scorpions (D:4)
  2 hounds (D:4)
  Natasha (thrice) (D:2)
  Ijyb (D:3)
  4 adders
  An ufetubus (D:4)
  4 worms
  2 dart slugs
  2 orcs
  13 bats
  5 endoplasms
  7 giant cockroaches
  4 hobgoblins
  5 jackals (D:1)
  14 kobolds
  4 quokkas
  3 ball pythons
  3 frilled lizards
  7 goblins
  11 rats
100 creatures vanquished.

Notes
Turn   | Place    | Note
-------+----------+-------------------------------------------
     0 | D:1      | KittyFluff the Gargoyle Berserker began the quest for the
                  | Orb.
     0 | D:1      | Reached XP level 1. HP: 14/14 MP: 1/1
    62 | D:1      | Reached XP level 2. HP: 11/19 MP: 2/2
   318 | D:1      | Reached XP level 3. HP: 20/23 MP: 3/3
   462 | D:1      | Reached ** piety under Trog
  1114 | D:2      | Reached XP level 4. HP: 21/29 MP: 4/4
  1175 | D:2      | Noticed Natasha
  1182 | D:2      | Killed Natasha
  1243 | D:2      | Noticed Natasha
  1254 | D:2      | Killed Natasha
  1255 | D:2      | Reached XP level 5. HP: 20/33 MP: 5/5
  1423 | D:2      | Reached *** piety under Trog
  1480 | D:2      | Noticed Natasha
  1492 | D:2      | Killed Natasha
  1789 | D:3      | Found Fiuhyem's Jewellery Shop.
  1841 | D:3      | Noticed Ijyb
  1854 | D:3      | Killed Ijyb
  2004 | D:3      | Reached XP level 6. HP: 18/38 MP: 6/6
  2195 | D:3      | Noticed Grinder
  2199 | D:3      | Paralysed by Grinder for 4 turns
  2237 | D:3      | Paralysed by Grinder for 4 turns
  2264 | D:3      | Paralysed by Grinder for 3 turns
  2267 | D:3      | HP: 1/57 [Grinder (2)]
  2268 | D:3      | Killed Grinder
  2545 | D:4      | Reached XP level 7. HP: 35/44 MP: 7/7
  2571 | D:4      | Reached skill level 5 in Maces & Flails
  2571 | D:4      | Reached skill level 5 in Armour
  2586 | D:4      | Noticed Menkaure
  2595 | D:4      | Killed Menkaure
  2810 | D:4      | Found a basalt altar of Yredelemnul.
  2812 | D:4      | Noticed Eustachio
  2867 | D:4      | Killed Eustachio
  2868 | D:4      | Reached skill level 5 in Fighting
  2946 | D:4      | Reached XP level 8. HP: 49/49 MP: 8/8
  2958 | D:4      | Slain by an iguana

Illustrated notes

Levels and vault maps discovered:
D:1:      dpeg_arrival_arbitrary_b, layout_basic
D:2:      layout_basic, minmay_misc_feat_cross, minmay_surrounded, uniq_natasha
D:3:      layout_rooms, serial_shops, shop, minmay_misc_feat_secret_circle,
          uniq_grinder, uniq_ijyb
D:4:      nicolae_cairo_tiling_large_dashed, layout_rooms, lemuel_tele_altar,
          dk_noncrumbling_4, chequers_serial_rivers_marsh,
          minmay_misc_feat_rows, uniq_blork_the_orc, uniq_eustachio,
          uniq_menkaure

Skill      XL: |  1  2  3  4  5  6  7 |
---------------+----------------------+-----
Armour         | 3 4 5 |  5.9
Dodging        | 2 3 |  3.3
Fighting       | 4 5 |  5.1
Maces & Flails | 4 5 |  5.8

Action                     |  1- 3 |  4- 6 |  7- 9 || total
---------------------------+-------+-------+-------++-------
  Melee: Mace              |   131 |   201 |    74 ||   406
         Punch             |     1 |       |       ||     1
 Invoke: Berserk           |       |     2 |       ||     2
 Armour: Animal skin       |    61 |     5 |       ||    66
         Leather armour    |       |    85 |    26 ||   111
  Dodge: Dodged            |   121 |   134 |    66 ||   321
